 Dungeon Crawl Stone Soup version 0.28-a0-503-g83f2989fac (webtiles) character file.

Game seed: 10752637227571031103

198 AlbertoSP the Chiller (level 5, -8/25 HPs)
             Began as a Gargoyle Ice Elementalist on Sept 20, 2021.
             Was a Believer of Hepliaklqana.
             Killed by an exploding ufetubus (23 damage)
             ... ignited by their inner flame
             ... on level 4 of the Dungeon.
             The game lasted 00:25:00 (2585 turns).

AlbertoSP the Chiller (Gargoyle Ice Elementalist)   Turns: 2585, Time: 00:25:01

Health: -8/25      AC: 11    Str: 12    XL:     5   Next: 77%
Magic:  0/10       EV:  9    Int: 16    God:    Hepliaklqana [**....]
Gold:   96         SH:  0    Dex: 10    Spells: 10/11 levels left

rFire   . . .      SeeInvis .   d - +0 hand axe
rCold   + + .      Faith    .   (no shield)
rNeg    + . .      Spirit   .   r - +1 scale mail
rPois   ∞          Reflect  .   (no helmet)
rElec   +          Harm     .   c - scarf {rC+ rF+}
rCorr   .          Rampage  .   (no gloves)
Will    .....                   (no boots)
Stlth   ..........              (no amulet)
HPRegen 0.08/turn               n - ring of ice
MPRegen 0.12/turn               (no ring)

@: no status effects
A: reduced essence, sickness immunity, AC +4, negative energy resistance 1,
electricity resistance, torment resistance 1, petrification resistance
a: Renounce Religion, Recall Ancestor, Ancestor Identity


You were on level 4 of the Dungeon.
You worshipped Hepliaklqana.
Hepliaklqana was pleased with you.
You visited 1 branch of the dungeon, and saw 4 of its levels.

You collected 96 gold pieces.

Inventory:

Hand Weapons
 b - a +1 spear of venom
 d - a +0 hand axe (weapon)
 e - a +0 short sword
 g - a +0 hand axe
 k - a +0 club
 p - a +0 whip
 t - a +0 club
 v - a +0 short sword
Missiles
 f - 71 bolts
 i - 3 large rocks
 q - 40 stones (quivered)
 w - 23 arrows
 x - 14 poisoned darts
Armour
 a - a +0 robe
 c - a scarf of resistance (worn)
 l - a +0 leather armour
 m - a +0 ring mail
 r - a +1 scale mail (worn)
Jewellery
 n - a ring of ice (left hand)
Scrolls
 s - a scroll of enchant weapon {unknown}
 u - a scroll of silence {unknown}
Potions
 j - a potion of curing


   Skills:
 + Level 0.2 Fighting
 + Level 0.3 Axes
 + Level 2.0 Armour
 + Level 1.9 Dodging
 + Level 2.3 Stealth
 + Level 3.6 Spellcasting
 + Level 5.1 Ice Magic


You had 10 spell levels left.
You knew the following spells:

 Your Spells              Type           Power      Damage    Failure   Level
a - Freeze                Ice            100%       1d11      11%         1

Your spell library contained the following spells:

 Spells                   Type           Power      Damage    Failure   Level
 Frozen Ramparts          Ice            58%        1d7       32%         3
 Ozocubu's Armour         Ice            29%        N/A       32%         3
 Hailstorm                Conj/Ice       16%        3d6       97%         4
 Ice Form                 Ice/Tmut       16%        N/A       97%         4
 Summon Ice Beast         Ice/Summ       16%        N/A       97%         4


Dungeon Overview and Level Annotations

Branches:
Dungeon (4/15)
 Temple: D:4-7

Altars:
Hepliaklqana
Wu Jian


Innate Abilities, Weirdness & Mutations

Your life essence is reduced to manifest your ancestor. (-10% HP)
You are immune to sickness and miasma.
Your stone body is resilient. (AC +4)
You are immune to poison.
You resist negative energy. (rN+)
You are resistant to electric shocks. (rElec)
You are resistant to unholy torment.
You are immune to petrification.


Message History

Aim: a ball python You feel a surge of power!
You freeze the ball python.
You kill the ball python!
The jelly closely misses you. The ufetubus hits you.
The ufetubus hits you but does no damage.
The endoplasm hits you but does no damage.
The ufetubus barely misses you. The ufetubus hits you.
You see here a +0 dagger.
As you read the scroll labelled KOTOS VAKASCHU, it crumbles to dust.
It is a scroll of enchant armour.
Your +0 scale mail glows green for a moment.
The ufetubus hits you but does no damage.
The ufetubus barely misses you. The jelly hits you but does no damage.
The endoplasm hits you but does no damage.
As you read the scroll labelled JUECLU SEENT, it crumbles to dust.
The creatures around you are filled with an inner flame!
It was a scroll of immolation.
The ufetubus hits you but does no damage.
The ufetubus closely misses you. The jelly hits you but does no damage.
The endoplasm freezes you.
You are frozen.
You resist. The ufetubus misses you. x2
A goblin comes into view. It is wielding a +0 club.
The ufetubus hits you but does no damage. x2
The jelly hits you but does no damage. The ufetubus closely misses you.
The ufetubus misses you. The ufetubus closely misses you.
The ufetubus hits you but does no damage.
Casting: Freeze (safe; 11% risk of failure)
Confirm with . or Enter, or press ? or * to list all spells.
Aiming: Freeze (safe; 11% risk of failure)
Press: ? - help, Shift-Dir - straight line, f - ufetubus
Aim: an ufetubus (inner flame)
You feel a surge of power!
You freeze the ufetubus.
The ufetubus resists.
Flame seeps out of the ufetubus.
The ufetubus is severely wounded.
The ufetubus is engulfed in blazing flames.
The ufetubus explodes!
The fiery explosion engulfs you!!
Ouch! That really hurt!
You die...

...............
.......................
.......................
.......................
...............$.......
.......................
.......................
...............<.......
.......@JJ.............
........○§"...†........
.......§§....).........
#.#.#####........##.#..
#................+ .# .
#. ..............# . #
...g..........+ .
..............#
..............#


You could see a jelly (inner flame) and an endoplasm (inner flame).

Vanquished Creatures
  A necrophage (D:4)
  Jessica (D:2)
  2 adders (D:2)
  An ufetubus (D:4)
  A dart slug (D:2)
  3 ball pythons
  4 bats (D:1)
  An endoplasm (D:2)
  2 giant cockroaches (D:1)
  5 goblins
  4 hobgoblins
  2 jackals (D:2)
  3 quokkas
  3 frilled lizards
  4 kobolds
  3 rats
40 creatures vanquished.

Vanquished Creatures (collateral kills)
  An adder (D:2)
  A worm (D:2)
  2 endoplasms
  A goblin (D:1)
  2 hobgoblins
  A jackal (D:2)
  2 rats
10 creatures vanquished.

Vanquished Creatures (others)
  2 ancestors
2 creatures vanquished.

Grand Total: 52 creatures vanquished

Notes
Turn   | Place    | Note
-------+----------+-------------------------------------------
     0 | D:1      | AlbertoSP the Gargoyle Ice Elementalist began the quest for
                  | the Orb.
     0 | D:1      | Reached XP level 1. HP: 10/10 MP: 3/3
    76 | D:1      | Found a faded altar of an unknown god.
   107 | D:1      | Reached XP level 2. HP: 4/15 MP: 0/5
   594 | D:1      | Became a worshipper of Hepliaklqana the Forgotten
   594 | D:1      | Reached * piety under Hepliaklqana
   996 | D:1      | Reached XP level 3. HP: 6/17 MP: 0/6
  1059 | D:2      | Noticed Jessica
  1474 | D:2      | Found an ornate altar of the Wu Jian Council.
  1794 | D:2      | Killed Jessica
  1795 | D:2      | Reached XP level 4. HP: 21/21 MP: 5/8
  2559 | D:4      | Noticed a necrophage
  2559 | D:4      | Reached ** piety under Hepliaklqana
  2568 | D:4      | Remembered your ancestor Amurritum as a hexer
  2574 | D:4      | Killed a necrophage
  2575 | D:4      | Reached skill level 5 in Ice Magic
  2575 | D:4      | Reached XP level 5. HP: 23/25 MP: 1/10
  2585 | D:4      | Killed by an exploding ufetubus... ignited by their inner
                  | flame

Illustrated notes

Levels and vault maps discovered:
D:1:      dpeg_arrival_tiny_j, layout_rooms,
          ebering_ecumenical_altar_sacrificial
D:2:      layout_basic, basic_altar, minmay_misc_feat_more_columns,
          chequers_decorated_corner, minmay_misc_feat_pillars, uniq_jessica
D:3:      layout_basic
D:4:      layout_basic, mainiacjoe_overflow_six_doors_small, bh_walls_and_bars

Skill      XL: |  1  2  3  4 |
---------------+-------------+-----
Spellcasting   | 3 |  3.6
Armour         | 2 |  2.0
Ice Magic      | 5 |  5.1
Fighting       | |  0.2
Axes           | |  0.3
Dodging        | |  1.9
Stealth        | |  2.3

Action                   |  1- 3 |  4- 6 || total
-------------------------+-------+-------++-------
Melee: Spear             |    10 |       ||    10
       Hand axe          |    19 |     9 ||    28
Throw: Stone             |       |     7 ||     7
 Cast: Freeze            |    29 |    28 ||    57
Invok: Ancestor Identity |     1 |       ||     1
       Ancestor Life: He |       |     1 ||     1
  Use: Potion            |       |     2 ||     2
       Scroll            |       |     2 ||     2
Armor: Robe              |    14 |       ||    14
       Ring mail         |     5 |     2 ||     7
       Leather armour    |     1 |       ||     1
       Scale mail        |       |    45 ||    45
Dodge: Dodged            |    37 |    31 ||    68

Table legend: (Time is in decaauts)
 A = Elapsed time spent in this place.
 B = Non-inter-level travel time spent in this place.
 C = Inter-level travel time spent in this place.
 D = Time resting spent in this place.
 E = Time spent auto-exploring this place.
 F = Levels seen in this place.
 G = Mean time per level.
                   A        B        C        D        E       F      G
               +--------+--------+--------+--------+--------+-----+--------+
         Total |   2594 |   2594 |      0 |   1642 |      0 |   4 |  648.5 |
       Dungeon |   2594 |   2594 |      0 |   1642 |      0 |   4 |  648.5 |
               +--------+--------+--------+--------+--------+-----+--------+

Top non-repeatable levels by time:
     D:2: 1394 daAuts
     D:1: 1066 daAuts
     D:3: 108 daAuts
     D:4: 26 daAuts
